 Dungeon Crawl Stone Soup version 0.19-a0-53-ge6e6435 (webtiles) character file.

81 jyri the Firebug (level 4, -5/24 HPs)
             Began as a Tengu Fire Elementalist on May 6, 2016.
             Was an Initiate of Vehumet.
             Slain by Crazy Yiuf
             ... wielding a +2 quarterstaff of chaos
              (10 damage)
             ... on level 2 of the Dungeon on May 7, 2016.
             The game lasted 00:19:04 (3107 turns).

jyri the Firebug (Tengu Fire Elementalist)          Turns: 3107, Time: 00:19:05

Health: -5/24      AC:  2    Str:  9    XL:     4   Next: 40%
Magic:  1/8        EV: 12    Int: 16    God:    Vehumet [......]
Gold:   30         SH:  0    Dex: 14    Spells: 2 memorised, 4 levels left

rFire  . . .     SeeInvis .     e - +0 short sword
rCold  . . .     Gourm    .     a - +0 robe
rNeg   . . .     Faith    .     (no shield)
rPois  .         Spirit   .     (helmet restricted)
rElec  .         Dismiss  .     (no cloak)
rCorr  .         Reflect  .     (no gloves)
SustAt .         Harm     .     (boots unavailable)
MR     .....                    (no amulet)
Stlth  ++........               (no ring)
                                (no ring)

@: very slightly contaminated, slowed, invisible, very slow, not resistant to
hostile enchantments, unstealthy
A: beak, talons 3
a: Renounce Religion


You were on level 2 of the Dungeon.
You worshipped Vehumet.
Vehumet was noncommittal.
You were not hungry.

You visited 1 branch of the dungeon, and saw 2 of its levels.

You collected 30 gold pieces.

Inventory:

Hand Weapons
 e - a +0 short sword (weapon)
 l - a cursed -2 hunting sling
 q - a cursed -3 whip
Missiles
 h - 21 bolts
 r - 62 stones (quivered)
Armour
 a - a +0 robe (worn)
Scrolls
 d - 3 scrolls of amnesia {unknown}
 g - a scroll of blinking {unknown}
 k - a scroll of fog {unknown}
 m - a scroll of fear {unknown}
 n - 2 scrolls of teleportation {unknown}
 t - a scroll of immolation {unknown}
Potions
 i - a potion of magic {unknown}
 j - 3 potions of curing {unknown}
 o - a potion of invisibility {unknown}
 p - a potion of cure mutation {unknown}
 s - a potion of mutation {unknown}
 w - a potion of degeneration {unknown}
Books
 b - a book of Flames

   Spells                             Type                      Level
   a - Flame Tongue                   Conjuration/Fire             1
   b - Throw Flame                    Conjuration/Fire             2
   c - Conjure Flame                  Conjuration/Fire             3
   d - Inner Flame                    Hexes/Fire                   3
   e - Sticky Flame                   Conjuration/Fire             4
   f - Fireball                       Conjuration/Fire             5
Comestibles
 c - 2 bread rations
 u - a meat ration


   Skills:
 - Level 2.1 Dodging
 - Level 2.0 Stealth
 - Level 2.0 Spellcasting
 + Level 3.6 Conjurations
 * Level 4.7 Fire Magic


You had 4 spell levels left.
You knew the following spells:

 Your Spells              Type           Power        Failure   Level  Hunger
a - Flame Tongue          Conj/Fire      ###..        4%          1    #......
b - Throw Flame           Conj/Fire      ###...       8%          2    ###....


Dungeon Overview and Level Annotations

Branches:
Dungeon (2/15)

Altars:
Cheibriados
Elyvilon
Gozag
Makhleb
Ru
Trog
Vehumet
Zin

Annotations:
D:2 Crazy Yiuf


Innate Abilities, Weirdness & Mutations

You have a beak for a mouth.
You have claws for feet.


Message History

Casting: Flame Tongue
Confirm with . or Enter, or press ? or * to list all spells.
You don't have enough magic to cast that spell.
Unknown command.
Unknown command.
Casting: Flame Tongue
Confirm with . or Enter, or press ? or * to list all spells.
You don't know that spell.
Crazy Yiuf whimpers, "Rot!"
Crazy Yiuf twirls on the spot.
Crazy Yiuf hits you with a quarterstaff of chaos!
You feel yourself slow down.
Crazy Yiuf hits you with a quarterstaff of chaos.
* * * LOW HITPOINT WARNING * * *
You fade into invisibility!
Read which item? (? for menu, Esc to quit)
As you read the scroll labeled TUINGOM OLEGAMM, it crumbles to dust.
You feel blessed for a moment.
It was a scroll of remove curse.
Crazy Yiuf hits you with a quarterstaff of chaos!
You die...

##### #####
#####...##
....#
#........##
###.#
#.####....#
..#.# #.#
##@.##
#.#.######.#
♣P♣gP♣
#.#........#
♣♣P..♣
#.#.......[#
♣♣.♣♣
........>..#
♣♣.♣
#.#........#
♣.♣♣
#.#........#
♣.♣
#.#........#
.♣♣
#......#.###
#.


You could see Crazy Yiuf.

Vanquished Creatures
  4 adders (D:2)
  2 worms (D:2)
  2 dart slugs (D:1)
  6 hobgoblins
  6 jackals
  A ball python (D:1)
  2 bats
  A giant newt (D:2)
  4 goblins
  6 kobolds
  4 rats
  2 fungi (D:2)
40 creatures vanquished.

Notes
Turn   | Place    | Note
--------------------------------------------------------------
     0 | D:1      | jyri the Tengu Fire Elementalist began the quest for the Orb.
     0 | D:1      | Reached XP level 1. HP: 10/10 MP: 4/4
   295 | D:1      | Reached XP level 2. HP: 15/15 MP: 0/6
  1362 | D:2      | Reached skill level 4 in Fire Magic
  1362 | D:2      | Reached XP level 3. HP: 13/19 MP: 3/7
  2135 | D:2      | Upgraded the game from 0.19-a0-49-gb8736b8 to 0.19-a0-53-ge6e6435
  2241 | D:2      | Found an opulent altar of Gozag.
  2244 | D:2      | Found a burning altar of Makhleb.
  2248 | D:2      | Found a sacrificial altar of Ru.
  2251 | D:2      | Found a snail-covered altar of Cheibriados.
  2252 | D:2      | Found a bloodstained altar of Trog.
  2252 | D:2      | Found a glowing silver altar of Zin.
  2253 | D:2      | Found a radiant altar of Vehumet.
  2257 | D:2      | Became a worshipper of Vehumet
  2261 | D:2      | Learned a level 2 spell: Throw Flame
  2264 | D:2      | Found a white marble altar of Elyvilon.
  2509 | D:2      | Reached XP level 4. HP: 18/24 MP: 5/8
  3096 | D:2      | Noticed Crazy Yiuf
  3107 | D:2      | Slain by Crazy Yiuf

Vault maps used:
D:1:      lemuel_arrival_broad_hall
D:2:      minitemple, uniq_crazy_yiuf_cottage

Skill      XL: |  1  2  3 |
---------------+----------+-----
Conjurations   | 2 3 |  3.6
Fire Magic     | 4 |  4.7
Dodging        | |  2.1
Stealth        | |  2.0
Spellcasting   | |  2.0

Action                   |  1- 3 |  4- 6 || total
-------------------------+-------+-------++-------
Melee: Short sword       |    25 |    23 ||    48
       Peck              |     1 |     8 ||     9
       Kick              |     3 |     9 ||    12
 Cast: Flame Tongue      |    53 |     8 ||    61
       Throw Flame       |     4 |    11 ||    15
  Use: Scroll            |       |     1 ||     1
 Stab: Sleeping          |     2 |       ||     2
  Eat: Chunk             |     1 |     1 ||     2
       Meat ration       |     1 |       ||     1
       Beef jerky        |       |     1 ||     1
Armor: Robe              |     4 |     3 ||     7
Dodge: Dodged            |    26 |     5 ||    31
